Map: Emerald City LE

Players

dribbel - Winner!

  • Race: Terran Terran
  • League: Diamond
  • Spawn Location: 11:00

Chameleon - Winner!

  • Race: Terran Terran
  • Spawn Location: 11:00

qqq

  • Race: Zerg Zerg
  • Spawn Location: 5:00

Massa

  • Race: Terran Terran
  • League: Platinum
  • Spawn Location: 5:00

VOD

Have the link to the VOD?

Description

Time

  • Played on: Feb. 28, 2021, 7:29 a.m.
  • Length: 12:09
Show
View Real Time Build Order
Export as new Build Order

dribbel Terran - Winner!

Build Orders:  

Get SALT Encoding   

  12  0:00  SCV  
  13  0:12  SCV  
  14  0:18  Supply Depot  
  14  0:24  SCV  
  15  0:40  SCV  
  15  0:42  Barracks  
  16  0:50  Refinery  
  16  0:52  SCV  
  17  1:13  SCV  
  19  1:25  SCV  
  19  1:40  Marine  
  19  1:42  Orbital Command  
  19  1:45  Command Center  
  20  2:10  SCV  
  20  2:15  Barracks Reactor  
  21  2:16  Barracks  
  21  2:19  Barracks  
  21  2:27  Factory  
  21  2:28  SCV  
  22  2:39  Supply Depot  
  22  2:40  SCV  
  23  2:57  Refinery, SCV  
  24  2:59  Marine x2  
  24  3:01  Orbital Command  
  26  3:07  Barracks Reactor, Barracks Tech Lab  
  26  3:09  SCV  
  27  3:16  Orbital Command  
  27  3:17  Factory Tech Lab  
  27  3:24  Starport  
  27  3:26  SCV  
  28  3:31  Marine x2  
  28  3:33  Marine  
  31  3:40  SCV  
  32  3:42  SCV  
  32  3:46  Marine x2  
  35  3:51  Siege Tank  
  35  3:54  Marine  
  35  3:55  Marine  
  39  3:59  Marine  
  39  4:00  SCV  
  39  4:01  SCV  
  43  4:04  Starport Reactor  
  43  4:12  SCV  
  43  4:14  Stimpack  
  43  4:15  Refinery, Marine  
  43  4:16  SCV  
  46  4:21  Supply Depot  
  46  4:25  Supply Depot  
  46  4:26  SCV  
  47  4:44  SCV x2  
  49  4:51  Barracks  
  49  4:52  Medivac x2  
  51  4:56  SCV x2  
  51  4:58  Marine x3  
  51  4:59  Marine x2  
  60  5:08  SCV  
  60  5:11  Supply Depot  
  61  5:15  Siege Tank  
  61  5:16  SCV  
  61  5:20  SCV  
  66  5:28  SCV, Supply Depot  
  67  5:36  Command Center  
  67  5:37  Marine  
  67  5:38  Marine  
  67  5:39  SCV  
  67  5:42  SCV  
  71  5:43  Barracks Reactor  
  71  5:50  Marine, Medivac x2  
  71  5:52  Marine  
  77  6:07  Marauder, Marine x2  
  77  6:08  Marine  
  77  6:10  Marine  
  74  6:23  Marine  
  74  6:24  Marine x2  
  74  6:25  Marine  
  78  6:26  Marine  
  78  6:27  Marine  
  78  6:29  Marauder  
  81  6:39  Barracks  
  78  6:41  Marine x2  
  78  6:42  Marine x2  
  78  6:44  Marine  
  78  6:46  SCV  
  81  6:47  Siege Tank  
  81  6:50  Marauder  
  81  6:51  Barracks  
  86  6:58  SCV  
  86  6:59  Engineering Bay  
  86  7:00  Engineering Bay  
  87  7:05  Factory  
  87  7:07  SCV  
  88  7:21  Marauder, Marine x2  
  76  7:51  Marine x3  
  76  7:52  Marauder, Marine x3  
  76  7:55  Orbital Command  
  76  7:56  SCV x2  
  76  7:57  Barracks Reactor, Factory Tech Lab  
  86  8:00  Refinery  
  82  8:09  Marine x2  
  82  8:10  Marine  
  82  8:11  Marine x2  
  81  8:13  Marauder  
  81  8:17  Siege Tank  
  81  8:18  Siege Tank  
  88  8:22  Terran Infantry Armor Level 1, Armory, Terran Infantry Weapons Level 1  
  88  8:26  Supply Depot  
  88  8:29  SCV  
  88  8:30  Supply Depot  
  88  8:32  Supply Depot  
  88  8:33  Combat Shield  
  89  8:34  Marauder  
  89  8:36  Barracks Tech Lab, Supply Depot  
  91  8:43  SCV  
  91  8:44  Marine x2  
  91  8:45  Marine  
  91  8:46  Marine x2  
  91  8:47  Marine  
  98  8:50  Medivac  
  98  8:52  Supply Depot  
  98  8:55  SCV, Supply Depot x2  
  101  8:58  SCV  
  101  8:59  Command Center, Missile Turret  
  101  9:01  SCV  
  103  9:04  Missile Turret  
  103  9:07  SCV  
  104  9:11  Missile Turret x2  
  104  9:17  Missile Turret  
  104  9:20  Siege Tank  
  104  9:23  SCV, Missile Turret, Terran Vehicle Weapons Level 1  
  108  9:24  SCV  
  108  9:27  SCV  
  110  9:36  SCV  
  111  9:40  Siege Tank  
  111  9:41  SCV x2  
  116  9:46  Marine  
  116  9:47  Marine x3  
  116  9:48  Marauder x2, Marine x3  
  127  10:01  Refinery, Factory  
  127  10:02  Refinery, Factory  
  127  10:11  Marine x2  
  127  10:12  Marauder, Marine x4  
  135  10:17  Sensor Tower  
  135  10:20  Marine x2  
  135  10:21  Marauder  
  139  10:23  Viking  
  139  10:24  Viking  
  143  10:29  Marine x2  
  145  10:37  Marine  
  145  10:38  Marauder, Marine x4  
  152  10:47  Factory Tech Lab  
  152  10:48  Armory, Factory Reactor  
  155  10:50  Siege Tank  
  155  10:53  SCV  
  156  11:01  Barracks x2  
  156  11:06  Marine  
  156  11:07  Marauder, Marine x2  
  161  11:13  Supply Depot  
  161  11:17  Supply Depot  
  161  11:21  Orbital Command  
  123  11:50  Marine  
  123  11:51  Marine x4  
Show
View Real Time Build Order
Export as new Build Order

Chameleon Terran - Winner!

Build Orders: Reaper Expand 

Get SALT Encoding   

  12  0:00  SCV  
  13  0:12  SCV  
  14  0:17  Supply Depot  
  14  0:24  SCV  
  15  0:38  SCV  
  15  0:39  Barracks  
  16  0:50  Refinery  
  16  0:51  SCV  
  17  1:03  SCV  
  18  1:15  SCV  
  19  1:27  Orbital Command  
  19  1:33  Reaper  
  20  1:44  Command Center  
  20  1:54  SCV  
  20  1:56  Refinery  
  21  2:11  Factory  
  21  2:14  SCV  
  21  2:15  Supply Depot  
  22  2:26  SCV  
  23  2:30  Barracks Reactor  
  23  2:38  SCV  
  24  2:50  SCV  
  25  2:55  Orbital Command  
  25  2:59  Refinery  
  25  3:02  SCV  
  26  3:12  Hellion x2  
  30  3:18  SCV  
  31  3:26  SCV  
  32  3:30  SCV  
  32  3:33  Starport  
  33  3:38  Starport, SCV, Hellion, Refinery  
  38  3:41  Hellion  
  38  3:42  SCV  
  39  3:50  SCV, Supply Depot  
  41  3:55  SCV  
  41  4:01  Supply Depot  
  41  4:02  SCV  
  42  4:07  Hellion  
  44  4:18  Fusion Core  
  44  4:21  Starport Tech Lab  
  44  4:24  Starport Tech Lab  
  44  4:30  Hellion  
  46  4:35  SCV  
  46  4:36  SCV  
  48  4:48  SCV  
  48  4:50  Supply Depot  
  49  4:53  SCV, Supply Depot  
  54  5:05  Battlecruiser  
  56  5:18  SCV, Battlecruiser  
  63  5:33  Command Center  
  63  5:34  SCV  
  63  5:35  SCV  
  65  5:43  Engineering Bay  
  65  5:46  SCV  
  65  5:47  SCV  
  67  5:59  SCV  
  61  6:16  SCV x2  
  61  6:18  Battlecruiser  
  69  6:22  Battlecruiser  
  75  6:59  SCV x2  
  77  7:16  Hellion x2  
  77  7:18  Supply Depot  
  77  7:19  Supply Depot  
  77  7:21  Starport  
  81  7:23  Starport  
  81  7:25  Battlecruiser  
  81  7:29  Battlecruiser  
  84  7:40  Hellion x2  
  84  7:42  SCV  
  83  8:13  Hellion x2  
  87  8:25  SCV x2  
  89  8:28  Starport Tech Lab x2  
  89  8:33  Supply Depot x2  
  89  8:34  Hellion  
  89  8:35  Hellion  
  93  8:44  SCV  
  94  8:53  SCV  
  94  8:55  Armory  
  95  8:56  SCV, Hellion x2, Armory  
  95  8:57  Supply Depot  
  100  9:05  SCV  
  100  9:08  SCV  
  102  9:13  Missile Turret, Battlecruiser x2  
  102  9:14  Missile Turret  
  102  9:15  Planetary Fortress  
  114  9:17  Hellion x2  
  114  9:18  Missile Turret  
  114  9:20  Missile Turret  
  118  9:26  SCV x2  
  118  9:27  Refinery  
  120  9:38  SCV x2  
  122  9:39  Hellion x2  
  122  9:41  Refinery  
  122  9:44  Battlecruiser  
  132  9:50  SCV x2  
  134  10:00  Hellion x2  
  134  10:02  SCV x2  
  138  10:11  Weapon Refit  
  138  10:17  SCV x2  
  140  10:27  Supply Depot  
  140  10:30  Supply Depot  
  140  10:31  Supply Depot  
  140  10:33  Supply Depot  
  140  10:34  SCV  
  141  10:49  Hellion, Battlecruiser  
Show
View Real Time Build Order
Export as new Build Order

qqq Zerg 

Build Orders: Hatch First 

Get SALT Encoding   

  12  0:00  Drone  
  13  0:08  Drone  
  14  0:22  Overlord  
  14  0:45  Hatchery  
  14  0:49  Drone  
  14  0:51  Drone  
  14  0:55  Drone  
  16  1:16  Spawning Pool  
  15  1:18  Extractor  
  15  1:19  Extractor  
  15  1:23  Drone  
  15  1:25  Drone  
  15  1:28  Drone  
  17  1:49  Drone x2  
  18  2:09  Queen  
  18  2:10  Queen  
  18  2:12  Drone, Overlord  
  18  2:14  Drone  
  24  2:18  Drone  
  25  2:32  Drone  
  25  2:33  Evolution Chamber  
  25  2:34  Metabolic Boost  
  25  2:37  Drone  
  25  2:40  Drone  
  27  2:52  Zergling x6  
  27  2:57  Drone x2  
  32  3:07  Zerg Melee Weapons Level 1  
  32  3:08  Zergling x2  
  32  3:09  Drone  
  34  3:17  Drone  
  34  3:18  Drone  
  34  3:19  Overlord  
  36  3:21  Overlord  
  36  3:41  Overlord  
  36  3:42  Zergling x4  
  36  3:44  Drone x3  
  41  3:54  Hatchery  
  40  3:57  Lair  
  40  4:01  Drone x2  
  42  4:03  Drone  
  43  4:10  Drone x3  
  43  4:11  Extractor, Drone  
  43  4:16  Drone x2  
  48  4:42  Zergling x2  
  48  4:43  Zergling x8  
  48  4:44  Zergling x6  
  48  4:45  Zergling x2  
  57  4:55  Overlord  
  57  4:56  Zergling x2  
  57  4:58  Zergling x2  
  59  5:01  Zerg Ground Armor Level 1  
  59  5:08  Hydralisk Den  
  59  5:09  Zergling x2  
  59  5:10  Zergling x4  
  61  5:15  Queen  
  63  5:28  Baneling Nest  
  62  5:37  Zergling x2  
  62  5:40  Drone x3  
  62  5:41  Drone  
  62  5:42  Hydralisk x2, Zergling x4  
  69  5:46  Muscular Augments  
  69  5:47  Overlord x4  
  69  5:48  Overlord x2  
  73  5:52  Extractor  
  73  5:54  Extractor  
  47  6:19  Zergling x2  
  47  6:20  Zergling x12  
  47  6:24  Hydralisk x4, Spore Crawler  
  54  6:31  Spore Crawler  
  54  6:32  Hydralisk  
  50  6:40  Drone  
  51  6:47  Hydralisk  
  53  6:57  Spore Crawler  
  53  7:00  Spore Crawler  
  46  7:08  Queen  
  46  7:13  Hydralisk x2  
  46  7:15  Drone x3  
  55  7:16  Drone  
  53  7:30  Spine Crawler  
  53  7:32  Hydralisk x2  
  50  7:38  Hydralisk  
  52  7:51  Hatchery  
  51  7:54  Drone x2  
  51  7:55  Drone  
  51  7:57  Drone  
  55  8:00  Zergling x2  
  55  8:02  Zergling x2  
  57  8:06  Drone  
  57  8:07  Drone  
  57  8:09  Drone  
  58  8:23  Drone x2  
  60  8:28  Spire  
  58  8:43  Drone x4  
  58  8:44  Drone x3, Spore Crawler  
  58  8:45  Drone x3  
  67  9:02  Drone x2, Hatchery  
  68  9:07  Spore Crawler  
  68  9:08  Spore Crawler  
  66  9:10  Hydralisk x2  
  66  9:12  Hydralisk  
  72  9:28  Overlord  
  72  9:29  Hydralisk, Overlord x3  
  74  9:42  Corruptor x2  
  78  9:48  Infestation Pit  
  78  9:52  Zerg Flyer Armor Level 1  
  77  9:53  Corruptor  
  77  9:57  Drone  
  77  9:58  Drone  
  81  10:00  Drone  
  81  10:03  Drone  
  83  10:15  Queen, Corruptor  
  83  10:19  Corruptor  
  89  10:26  Hive  
  89  10:28  Drone  
  89  10:33  Drone x3  
  89  10:34  Drone  
  94  10:38  Corruptor  
  94  10:41  Drone  
  94  10:42  Drone  
  98  10:44  Drone  
  98  10:45  Drone  
  99  10:56  Spore Crawler  
  98  11:10  Spore Crawler  
  90  11:17  Spine Crawler  
  81  11:20  Spine Crawler  
  81  11:24  Drone x2  
  81  11:25  Drone x7  
  89  11:26  Drone  
Show
View Real Time Build Order
Export as new Build Order

Massa Terran 

Build Orders: Reaper Expand 

Get SALT Encoding   

  12  0:00  SCV  
  13  0:12  SCV  
  14  0:22  Supply Depot  
  14  0:24  SCV  
  15  0:43  SCV  
  15  0:44  Barracks  
  15  0:49  Refinery  
  16  0:55  SCV  
  17  1:07  SCV  
  18  1:19  SCV  
  19  1:32  Orbital Command  
  19  1:35  Reaper  
  20  1:41  Command Center  
  20  1:57  SCV, Supply Depot  
  21  2:07  Marine  
  22  2:14  Factory  
  22  2:25  SCV  
  22  2:27  Refinery  
  23  2:35  Barracks Reactor  
  23  2:38  SCV, Supply Depot  
  24  2:50  SCV  
  25  2:54  Orbital Command  
  25  3:02  SCV  
  25  3:04  Starport  
  26  3:18  Hellion x2  
  30  3:20  Barracks Tech Lab  
  30  3:21  SCV x2  
  32  3:40  Hellion x2  
  36  3:47  SCV x2  
  38  3:51  Barracks Tech Lab  
  38  3:53  Engineering Bay  
  38  3:55  Refinery  
  38  3:59  SCV x2  
  38  4:00  Raven  
  38  4:01  Hellion x2  
  46  4:11  SCV x2  
  48  4:20  Barracks x2  
  48  4:22  Terran Infantry Weapons Level 1  
  48  4:25  Missile Turret  
  48  4:39  SCV x2  
  48  4:41  Marine x2  
  48  4:43  Medivac  
  54  4:50  Supply Depot  
  54  4:53  Supply Depot  
  54  5:09  Barracks Reactor, Barracks Tech Lab  
  54  5:11  Marine x2, Siege Tank  
  59  5:16  Raven  
  61  5:22  SCV x2  
  61  5:27  Missile Turret  
  63  5:29  Marine x2  
  65  5:37  Stimpack  
  65  5:38  Marauder  
  67  5:46  Marine x2  
  67  5:48  Barracks  
  67  5:49  Marine  
  70  5:50  Barracks  
  70  5:53  Marine  
  70  5:54  Siege Tank  
  70  5:56  Supply Depot  
  70  5:59  Marine, Supply Depot  
  69  6:07  Marine  
  70  6:11  Marine  
  67  6:26  Marauder, Marine x3  
  67  6:29  Marine  
  73  6:37  Cyclone  
  74  6:40  Medivac  
  74  6:43  Marine x2  
  74  6:44  Marine  
  74  6:47  Marauder, Marine  
  79  6:52  Terran Infantry Armor Level 1, Missile Turret  
  82  7:01  Marine  
  83  7:09  Cyclone, Mag-Field Accelerator  
  81  7:31  Marine x2  
  81  7:32  Marauder, Marine  
  86  7:38  Supply Depot  
  86  7:41  SCV, Marine  
  86  7:43  SCV  
  84  7:49  Marine x2  
  84  7:50  Marine  
  80  7:53  SCV, Marauder  
  80  7:55  SCV  
  79  8:12  Siege Tank  
  79  8:15  Marauder  
  79  8:19  Refinery  
  81  8:26  Armory  
  81  8:35  Barracks Reactor, Barracks Tech Lab, Command Center  
  81  8:36  Marauder, Marine x4  
  87  8:45  Combat Shield  
  87  8:53  Concussive Shells  
  87  8:54  Marine x4  
  91  8:56  Marauder  
  93  9:06  Supply Depot  
  93  9:07  Missile Turret  
  93  9:08  Supply Depot  
  93  9:10  Supply Depot  
  93  9:11  Marine  
  93  9:16  Missile Turret  
  94  9:28  Marauder, Raven, Marine, Siege Tank  
  94  9:29  Marine x2  
  94  9:30  Marauder  
  106  9:35  Supply Depot  
  106  9:47  Corvid Reactor  
  106  9:57  Marauder  
  106  9:58  Marauder, Marine x5  
  115  10:00  Cyclone  
  118  10:38  Command Center  
  118  10:41  Engineering Bay  
  118  10:43  SCV x2  
  120  10:55  SCV x2  
  106  11:45  Marauder x2, Marine  
  106  11:46  Marine x5  
  46  12:05  Missile Turret  
  49  12:09  Missile Turret  
Tags
 
Add a new tag
Caveats
  • Supply blocks, unpowered buildings, or Contaminate may cause inaccurate times.
  • Supply counts are checked every 10 seconds.